 Dungeon Crawl Stone Soup version 0.25-a0-591-g2ad0d86 (webtiles) character file.

Game seed: 3852005489944498257, levelgen mode: deterministic

932 Scootsishere the Skirmisher (level 8, 0/70 HPs)
             Began as a Hill Orc Fighter on Mar 13, 2020.
             Was an Initiate of Beogh.
             Slain by Pikel
             ... wielding a +1 whip of flaming
              (7 damage)
             ... on level 5 of the Dungeon.
             The game lasted 00:14:29 (4257 turns).

Scootsishere the Skirmisher (Hill Orc Fighter)      Turns: 4257, Time: 00:14:32

Health: 0/70       AC: 17    Str: 17 (19) XL:     8   Next: 11%
Magic:  8/8        EV: 10    Int: 10      God:    Beogh [......]
Gold:   130        SH:  0    Dex:  9 (10) Spells: 7/7 levels left

rFire    . . .     SeeInvis .   p - +3 trident (protect)
rCold    . . .     Gourm    .   (no shield)
rNeg     + . .     Faith    .   b - +0 scale mail
rPois    .         Spirit   .   e - +2 helmet
rElec    .         Reflect  .   (no cloak)
rCorr    .         Harm     .   (no gloves)
MR       .....                  (no boots)
Stlth    ..........             (no amulet)
HPRegen  0.21/turn              q - ring of positive energy
MPRegen  0.11/turn              (no ring)

@: mighty, protection aura
A: no striking features
a: Renounce Religion


You were on level 5 of the Dungeon.
You worshipped Beogh.
Beogh was noncommittal.
You were not hungry.

You visited 1 branch of the dungeon, and saw 5 of its levels.

You collected 130 gold pieces.

Inventory:

Hand Weapons
 a - a +0 war axe
 p - a +3 trident of protection (weapon)
Armour
 b - a +0 scale mail (worn)
 c - a +0 kite shield
 e - a +2 helmet (worn)
 i - a +1 leather armour of fire resistance
Jewellery
 q - a ring of positive energy (left hand)
Scrolls
 h - 3 scrolls of magic mapping
 m - 4 scrolls of remove curse
 r - 2 scrolls of identify
 v - a scroll of fear
Potions
 d - 2 potions of might
 g - 2 potions of curing
 j - a potion of haste
 l - a potion of brilliance {unknown}
Comestibles
 f - 11 rations


   Skills:
 + Level 6.1 Fighting
 + Level 5.7(7.0) Axes
 + Level 5.1(6.0) Polearms
 + Level 5.6 Armour
 + Level 1.2 Dodging
 + Level 0.4 Stealth
 + Level 3.5 Shields


You had 7 spell levels left.
You didn't know any spells.
Your spell library was empty.

Dungeon Overview and Level Annotations

Branches:
Dungeon (5/15)             Temple (0/1) D:4

Altars:

Annotations:
D:5 Pikel


Message History

You miss Pikel.
Pikel is lightly wounded.
* * * LOW HITPOINT WARNING * * *
You feel sick. The slave barely misses you. The slave misses you.
The slave hits you but does no damage. Pikel closely misses you.
You feel better. The slave hits you but does no damage. The slave hits you.
* * * LOW HITPOINT WARNING * * *
The slave hits you but does no damage.
Pikel hits you with a +1 whip of flaming.
* * * LOW HITPOINT WARNING * * *
Pikel burns you.
* * * LOW HITPOINT WARNING * * *
You feel very mighty all of a sudden. The slave hits you.
* * * LOW HITPOINT WARNING * * *
The slave hits you.
* * * LOW HITPOINT WARNING * * *
The slave barely misses you.
Pikel hits you with a +1 whip of flaming!
You die...

#.####### #...#
######.......# ...#
........####.# #.##
#######.####.######.#
#.##....).....####
#.##.#.#.#........
#.##.#.>.....#....
..........#)p......
#####.##pp#@p...# #..
#p.#pK.### #.
#...p...# #.
#........... #
####........
#.......# ##......#
......# .......


You could see Pikel and 4 slaves.

Vanquished Creatures
  A sky beast (D:5)
  2 phantoms
  An ogre (D:5)
  A scorpion (D:4)
  A jelly (D:5)
  2 hounds
  An orc priest (D:5)
  2 orc wizards
  Terence (D:2)
  3 worker ants
  7 gnolls
  10 adders
  An ooze (D:3)
  4 worms
  2 dart slugs
  8 leopard geckos
  10 orcs
  2 giant cockroaches
  3 goblins
  6 hobgoblins
  7 jackals
  3 quokkas
  5 bats
  2 frilled lizards
  4 kobolds
  6 rats
95 creatures vanquished.

Notes
Turn   | Place    | Note
-------+----------+-------------------------------------------
     0 | D:1      | Scootsishere the Hill Orc Fighter began the quest for the
                  | Orb.
     0 | D:1      | Reached XP level 1. HP: 19/19 MP: 1/1
   186 | D:1      | Reached XP level 2. HP: 18/27 MP: 2/2
   465 | D:1      | Reached skill level 4 in Fighting
   648 | D:2      | Reached XP level 3. HP: 33/33 MP: 3/3
   873 | D:2      | Noticed Terence
   881 | D:2      | Killed Terence
   881 | D:2      | Reached XP level 4. HP: 38/41 MP: 4/4
  1447 | D:2      | Noticed a phantom
  1462 | D:2      | Killed a phantom
  1462 | D:2      | Reached skill level 5 in Axes
  1462 | D:2      | Reached XP level 5. HP: 38/47 MP: 5/5
  1983 | D:3      | Reached XP level 6. HP: 53/55 MP: 6/6
  2891 | D:4      | Reached skill level 1 in Polearms
  2960 | D:4      | Reached skill level 5 in Fighting
  2982 | D:4      | Reached skill level 5 in Armour
  3112 | D:4      | Noticed a phantom
  3141 | D:4      | Killed a phantom
  3141 | D:4      | Reached XP level 7. HP: 59/61 MP: 7/7
  3285 | D:4      | Found a staircase to the Ecumenical Temple.
  3286 | D:4      | Became a worshipper of Beogh the Brigand
  3541 | D:5      | Entered Level 5 of the Dungeon
  3608 | D:5      | Reached skill level 1 in Dodging
  3967 | D:5      | Reached skill level 5 in Polearms
  3967 | D:5      | Reached XP level 8. HP: 25/70 MP: 8/8
  4234 | D:5      | Reached skill level 6 in Fighting
  4240 | D:5      | Noticed Pikel
  4257 | D:5      | Slain by Pikel

Levels and vault maps discovered:
D:1:      wander_arrival_peaceful_grave, layout_loops_ring,
          minmay_misc_feat_enclosed
D:2:      layout_basic, first_ration, roderic_roman_lattice, uniq_terence
D:3:      layout_basic, minmay_fractal_squares_diagonal_5
D:4:      layout_basic, minmay_temple_entry_proselytizer,
          chequers_serial_rivers_micro_c, nrook_mini_vaults
D:5:      minmay_chambers_of_fours, layout_loops_cross, grunt_decor_cap,
          uniq_pikel

Skill      XL: |  1  2  3  4  5  6  7  8 |
---------------+-------------------------+-----
Fighting       | 4 5 6 |  6.1
Axes           | 3 4 5 |  5.7
Armour         | 4 5 |  5.6
Polearms       | 2 5 |  5.1
Dodging        | 1 |  1.2
Stealth        | |  0.4
Shields        | |  3.5

Action                   |  1- 3 |  4- 6 |  7- 9 || total
-------------------------+-------+-------+-------++-------
Melee: War axe           |    96 |    80 |       ||   176
       Trident           |       |   114 |   112 ||   226
Invok: Convert to Beogh  |       |       |     1 ||     1
  Use: Scroll            |     3 |     3 |     2 ||     8
       Potion            |       |       |     8 ||     8
  Eat: Chunk             |       |     4 |     4 ||     8
       Ration            |       |     1 |       ||     1
Armor: Scale mail        |    35 |   114 |    81 ||   230
Dodge: Dodged            |    47 |   100 |    69 ||   216
Block: Kite shield       |    29 |       |       ||    29

Table legend:
 A = Non-vault XP
 B = Vault XP
 C = Vault XP percentage of total XP
 D = Non-vault monster count
 E = Vault monster count
 F = Vault count percentage of total count
                 A         B        C        D         E       F
            +---------+---------+-------+---------+---------+-------
      Total |    1268 |      64 |   4.8 |      88 |       7 |   7.4
            +---------+---------+-------+---------+---------+-------
        D:1 |      31 |       0 |   0.0 |      16 |       0 |   0.0
        D:2 |     186 |      38 |  17.0 |      18 |       1 |   5.3
        D:3 |     119 |      26 |  17.9 |      21 |       6 |  22.2
        D:4 |     376 |       0 |   0.0 |      18 |       0 |   0.0
        D:5 |     556 |       0 |   0.0 |      15 |       0 |   0.0
            +---------+---------+-------+---------+---------+-------
